 Dungeon Crawl Stone Soup version 0.17.1-2-g5865329 (webtiles) character file.

1394 ololoev the Cleaver (level 8, -2/87 HPs)
             Began as a Demonspawn Berserker on Jan 21, 2016.
             Was a Priest of Trog.
             Slain by a hill giant
             ... wielding a +0 giant club
              (25 damage)
             ... on level 7 of the Dungeon.
             The game lasted 00:15:58 (1988 turns).

ololoev the Cleaver (Demonspawn Berserker)          Turns: 1988, Time: 00:15:59

Health: -2/87      AC: 15    Str: 24    XL:     8   Next: 41%
Magic:  9/9        EV:  9    Int:  9    God:    Trog [***...]
Gold:   177        SH:  3    Dex: 13    Spells: 0 memorised, 7 levels left

rFire  . . .     SeeInvis .     a - +0 battleaxe
rCold  . . .     Clarity  .     o - +0 chain mail
rNeg   + . .     SustAt   .     (shield currently unavailable)
rPois  .         Gourm    .     y - +1 hat
rElec  .         Spirit   .     (no cloak)
rCorr  .         Warding  .     j - +0 pair of gloves
rMut   .         Stasis   .     (no boots)
MR     .....                    (no amulet)
Stlth  ..........               (no ring)
                                h - ring of positive energy

@: berserking, very quick, not resistant to hostile enchantments, extremely
unstealthy
A: large bone plates 2, powered by death 1
a: Berserk, Trog's Hand, Burn Spellbooks, Renounce Religion


Innate Abilities, Weirdness & Mutations

You are mostly covered in large bone plates (AC +3, SH +3).
You regenerate a little health from kills.

Inventory:

Hand Weapons
 a - a +0 battleaxe (weapon)
Armour
 j - a +0 pair of gloves (worn)
 o - a +0 chain mail (worn)
 y - a +1 hat (worn)
Jewellery
 h - a ring of positive energy (left hand)
Wands
 l - a wand of digging (13)
 p - a wand of frost (3)
 t - a wand of magic darts (15)
 w - a wand of disintegration (7)
 x - a wand of polymorph (16)
 C - a wand of cold (3)
Scrolls
 b - 3 scrolls of immolation {unknown}
 d - 2 scrolls of recharging {unknown}
 e - 3 scrolls of identify {unknown}
 m - a scroll of random uselessness {unknown}
 n - a scroll of magic mapping {unknown}
 r - a scroll of remove curse {unknown}
 s - a scroll of noise {unknown}
 u - a scroll of blinking {unknown}
Potions
 f - a potion of brilliance {unknown}
 q - a potion of degeneration {unknown}
 v - a potion of curing {unknown}
 A - a potion of lignification {unknown}
Books
 B - a book of Battle

   Spells                             Type                      Level
   a - Infusion                       Charms                       1
   b - Shroud of Golubria             Charms/Translocation         2
   c - Song of Slaying                Charms                       2
   d - Spectral Weapon                Hexes/Charms                 3
   e - Regeneration                   Charms/Necromancy            3
   Trog disapproves of the use of such an item.
Comestibles
 c - 2 bread rations
 g - 2 fruits
 i - 4 chunks of flesh
 k - a meat ration
 z - a beef jerky


   Skills:
 - Level 3.0 Fighting
 * Level 8.2 Axes
 + Level 5.4 Armour
 - Level 1.7 Dodging
 + Level 1.6 Evocations


You had 7 spell levels left.
You didn't know any spells.


You were on level 7 of the Dungeon.
You worshipped Trog.
Trog was most pleased with you.
You were not hungry.

You visited 2 branches of the dungeon, and saw 8 of its levels.

You collected 177 gold pieces.

#. ... . #.# W
#.# # #. #.#
#.#.##.#
##......#
......ยง.# #.#
#@#
#.####C####.##
#.#...........
#.#.##.###.##.
#.#(##.#
##.))...#
#.).)..###
#<#......#
#.#..#.#.#

Notes
Turn   | Place    | Note
--------------------------------------------------------------
     0 | D:1      | ololoev the Demonspawn Berserker began the quest for the Orb.
     0 | D:1      | Reached XP level 1. HP: 18/18 MP: 1/1
   138 | D:2      | Found a shattered altar of Ashenzari.
   181 | D:2      | Gained mutation: You regenerate a little health from kills. [demonic ancestry]
   181 | D:2      | Reached XP level 2. HP: 17/24 MP: 2/2
   379 | D:4      | Found a sparkling altar of Nemelex Xobeh.
   403 | D:4      | Found a glowing silver altar of Zin.
   415 | D:4      | Gained mutation: You are partially covered in large bone plates (AC +2, SH +2). [demonic ancestry]
   415 | D:4      | Reached XP level 3. HP: 14/29 MP: 3/3
   506 | D:4      | Reached skill level 4 in Axes
   508 | D:4      | Found a staircase to the Ecumenical Temple.
   521 | D:4      | Gained mutation: You are mostly covered in large bone plates (AC +3, SH +3). [demonic ancestry]
   521 | D:4      | Reached XP level 4. HP: 20/35 MP: 4/4
   531 | Temple   | Entered the Ecumenical Temple
   661 | D:4      | Reached ** piety under Trog
   711 | D:5      | Entered Level 5 of the Dungeon
   807 | D:4      | Reached XP level 5. HP: 41/41 MP: 5/5
   919 | D:5      | Reached skill level 5 in Axes
   984 | D:6      | Noticed an ogre
   989 | D:6      | Killed an ogre
   989 | D:6      | Reached XP level 6. HP: 47/47 MP: 6/6
  1047 | D:6      | Noticed an orc warrior
  1048 | D:6      | Noticed an orc warrior
  1067 | D:6      | Killed an orc warrior
  1067 | D:6      | Reached skill level 6 in Axes
  1071 | D:6      | Killed an orc warrior
  1071 | D:6      | Reached XP level 7. HP: 12/52 MP: 7/7
  1181 | D:6      | Found a blossoming altar of Fedhas.
  1187 | D:6      | Noticed a water moccasin
  1194 | D:6      | Killed a water moccasin
  1194 | D:6      | Reached skill level 7 in Axes
  1230 | D:6      | Noticed an ice beast
  1251 | D:6      | Killed an ice beast
  1491 | D:5      | Noticed an ice beast
  1502 | D:5      | Killed an ice beast
  1502 | D:5      | Reached *** piety under Trog
  1502 | D:5      | Reached skill level 5 in Armour
  1502 | D:5      | Reached XP level 8. HP: 35/58 MP: 8/8
  1866 | D:6      | Reached skill level 8 in Axes
  1910 | D:6      | Reached skill level 1 in Evocations
  1976 | D:7      | Noticed a hill giant
  1988 | D:7      | Slain by a hill giant

Dungeon Overview and Level Annotations

Branches:
Dungeon (7/15)             Temple (1/1) D:4

Altars:
Ashenzari
Fedhas
Gozag
Makhleb
Nemelex Xobeh
Okawaru
Qazlal
Sif Muna
Trog
Vehumet
Xom
Zin


Message History

Use which ability? (? or * to list)
A red film seems to cover your vision as you go berserk!
You feel yourself moving faster!
You feel mighty!
You feel somewhat more hungry. You block the quokka zombie's attack.
The phantom hits you but does no damage.
You barely miss the phantom.
The phantom is heavily damaged.
You slash the hill giant!
The hill giant is lightly wounded.
You slice the quokka zombie!!
You feel the power of Trog in you as your rage grows.
You destroy the quokka zombie!
The hill giant hits you with a giant club!!
The phantom blinks!
Unknown command.
You slash the hill giant!
The hill giant is moderately wounded.
The hill giant hits you with a giant club!
Unknown command.
You barely miss the hill giant.
The hill giant is moderately wounded.
Unknown command.
You slash the hill giant!
The hill giant is heavily wounded.
You block the hill giant's attack.
Unknown command.
You slash the hill giant!
The hill giant is severely wounded.
The hill giant hits you with a giant club!!
Unknown command.
You slash the hill giant!
The hill giant is almost dead.
Your chain mail prevents you from hitting the phantom.
The phantom is heavily damaged.
The phantom blinks!
Unknown command.
Your chain mail prevents you from hitting the hill giant.
The hill giant is almost dead.
The hill giant hits you with a giant club!!
You die...

You could see a hill giant and a phantom.

Vanquished Creatures
  A water moccasin (D:6)
  3 ice beasts
  3 orc warriors
  An ogre (D:6)
  A giant frog (D:6)
  2 crimson imps
  2 hounds
  A jelly (D:6)
  2 orc priests
  4 orc wizards
  2 centaur skeletons
  3 worker ants
  A hound zombie (D:5)
  3 gnolls (D:6)
  4 adders
  A shadow imp (D:5)
  2 adder skeletons
  2 giant geckos
  18 orcs
  A bat (D:2)
  3 giant cockroaches
  A hobgoblin (D:2)
  4 jackals (D:4)
  A quokka (D:4)
  A giant gecko skeleton (D:4)
  4 goblins
  4 kobolds
  A quokka zombie (D:7)
  4 rats
80 creatures vanquished.

Action                   |  1- 3 |  4- 6 |  7- 9 || total
-------------------------+-------+-------+-------++-------
Melee: Hand axe          |    84 |   142 |       ||   226
       Broad axe         |       |       |   122 ||   122
       Battleaxe         |       |       |    13 ||    13
Invok: Berserk           |     2 |     2 |     4 ||     8
       Trog's Hand       |       |     2 |     2 ||     4
Evoke: Wand              |     4 |     3 |       ||     7
  Eat: Chunk             |       |     3 |     7 ||    10
       Fruit             |       |     1 |       ||     1
       Beef jerky        |       |       |     1 ||     1

Vault maps used:
D:1:      lightli_arrival_flooded_house
D:2:      lemuel_crystal_altar, first_bread, kennysheep_minor_cross,
          minmay_crystal_water
D:3:      nicolae_tso_carved_into_rock, uniq_iyjb
D:4:      lemuel_doored_altar, elyvilon_altar_1, kennysheep_mini_moat
D:6:      nicolae_overflow_hidden_temple, grunt_temple_overflow_open
D:7:      uniq_prince_ribbit1
Temple:   hc_temple_tempest_star
